 Dungeon Crawl Stone Soup version 0.25-a0-681-gdf4e720 (webtiles) character file.

Game seed: 12269247334596636631, levelgen mode: deterministic

96 Faels the Cutter (level 4, -10/29 HPs)
             Began as a Kobold Fighter on Mar 29, 2020.
             Killed by divine providence
             ... invoked by an orc priest
              (13 damage)
             ... on level 3 of the Dungeon.
             The game lasted 00:05:53 (2138 turns).

Faels the Cutter (Kobold Fighter)                   Turns: 2138, Time: 00:05:54

Health: -10/29     AC:  8    Str: 14    XL:     4   Next: 98%
Magic:  4/4        EV:  8    Int:  9    God:
Gold:   172        SH:  8    Dex: 14    Spells: 3/3 levels left

rFire    . . .     SeeInvis .   a - +0 rapier
rCold    . . .     Gourm    .   c - +0 kite shield
rNeg     . . .     Faith    .   b - +0 scale mail
rPois    .         Spirit   .   (no helmet)
rElec    .         Reflect  .   (no cloak)
rCorr    .         Harm     .   q - +0 pair of gloves
MR       .....                  p - +0 pair of boots
Stlth    ..........             (no amulet)
HPRegen  0.09/turn              (no ring)
MPRegen  0.09/turn              (no ring)

@: no status effects
A: small, carnivore
a: no special abilities


You were on level 3 of the Dungeon.
You were completely stuffed.

You visited 1 branch of the dungeon, and saw 3 of its levels.

You collected 172 gold pieces.

Inventory:

Hand Weapons
 a - a +0 rapier (weapon)
 g - a +0 dagger
Missiles
 u - 16 poisoned darts (quivered)
Armour
 b - a +0 scale mail (worn)
 c - a +0 kite shield (worn)
 p - a +0 pair of boots (worn)
 q - a +0 pair of gloves (worn)
Jewellery
 e - an uncursed amulet of faith
Scrolls
 h - a scroll of immolation {unknown}
 i - a scroll of identify {unknown}
 j - 2 scrolls of noise {unknown}
 m - 3 scrolls of teleportation {unknown}
 r - 2 scrolls of enchant armour {unknown}
Potions
 d - a potion of might
 k - a potion of lignification {unknown}
 l - 2 potions of mutation {unknown}
 n - a potion of curing {unknown}
 o - a potion of flight {unknown}
 s - a potion of heal wounds {unknown}
Comestibles
 f - 4 rations
 t - 5 chunks of flesh


   Skills:
 + Level 4.1 Fighting
 * Level 5.3 Short Blades
 - Level 2.4 Armour
 + Level 0.9 Dodging
 - Level 2.4 Shields


You had 3 spell levels left.
You didn't know any spells.
Your spell library was empty.

Dungeon Overview and Level Annotations

Branches:
Dungeon (3/15)

Altars:
Vehumet
Wu Jian
Zin


Innate Abilities, Weirdness & Mutations

You are small and have problems with some larger weapons.
You are carnivorous and can eat meat at any time.


Message History

The orc priest calls down the wrath of Beogh upon you.
Beogh smites you!
The orc priest hits you but does no damage.
You hit the orc priest.
The orc priest is lightly wounded.
The orc priest hits you with a +0 whip.
You hit the orc priest.
The orc priest is heavily wounded.
The orc priest invokes the aid of Beogh against you.
Beogh smites you!
Ouch! That really hurt!
* * * LOW HITPOINT WARNING * * *
You barely miss the orc priest.
The orc priest is heavily wounded.
The orc priest looks encouraged for a moment.
Your shield and scale mail prevent you from hitting the orc priest.
The orc priest is heavily wounded.
The orc priest invokes the aid of Beogh against you.
Beogh smites you!
You die...

..##.#..#
..#....☼#
..'☼☼.○.#
...†.§..#
...○..# .
†...## ...
#.o.#
.....###@.#
..........#
....####.##
###.........#
#......####.#
#......# #.#
#......# #.#
#......# #.#
#......# #.#


You could see an orc priest.

Vanquished Creatures
  4 adders (D:2)
  3 worms
  2 dart slugs (D:1)
  An orc (D:2)
  7 bats
  2 giant cockroaches (D:1)
  15 goblins
  A hobgoblin (D:1)
  4 kobolds
  A ball python (D:1)
  3 frilled lizards
  7 rats
50 creatures vanquished.

Vanquished Creatures (others)
  4 orcs (D:3)
4 creatures vanquished.

Grand Total: 54 creatures vanquished

Notes
Turn   | Place    | Note
-------+----------+-------------------------------------------
     0 | D:1      | Faels the Kobold Fighter began the quest for the Orb.
     0 | D:1      | Reached XP level 1. HP: 14/14 MP: 1/1
   191 | D:1      | Reached skill level 3 in Short Blades
   210 | D:1      | Reached XP level 2. HP: 15/19 MP: 2/2
   400 | D:1      | Reached skill level 4 in Short Blades
   400 | D:1      | Reached XP level 3. HP: 24/24 MP: 3/3
   984 | D:2      | Found an ornate altar of the Wu Jian Council,
  1048 | D:2      | Reached XP level 4. HP: 26/29 MP: 4/4
  1163 | D:2      | Reached skill level 5 in Short Blades
  1471 | D:2      | Found a glowing silver altar of Zin,
  2121 | D:3      | Found a radiant altar of Vehumet,
  2138 | D:3      | Killed from afar by an orc priest

Levels and vault maps discovered:
D:1:      wander_arrival_peaceful_grave, layout_basic
D:2:      layout_basic, zin_statuary, lemuel_doored_altar
D:3:      kennysheep_big_flooded_room, layout_basic, fiery_altar_vehumet,
          nicolae_overflow_hidden_temple, yredelemnul_altar_generic

Skill      XL: |  1  2  3  4 |
---------------+-------------+-----
Short Blades   | 3 4 5 |  5.3
Fighting       | 4 |  4.1
Armour         | |  2.4
Dodging        | |  0.9
Shields        | |  2.4

Action                   |  1- 3 |  4- 6 || total
-------------------------+-------+-------++-------
Melee: Rapier            |   101 |    80 ||   181
Throw: Dart              |       |     5 ||     5
  Eat: Chunk             |     9 |     3 ||    12
Armor: Scale mail        |    33 |    17 ||    50
Dodge: Dodged            |    26 |    23 ||    49
Block: Kite shield       |    63 |    17 ||    80

Table legend:
 A = Non-vault XP
 B = Vault XP
 C = Vault XP percentage of total XP
 D = Non-vault monster count
 E = Vault monster count
 F = Vault count percentage of total count
                 A         B        C        D         E       F
            +---------+---------+-------+---------+---------+-------
      Total |     138 |       0 |   0.0 |      50 |       0 |   0.0
            +---------+---------+-------+---------+---------+-------
        D:1 |      39 |       0 |   0.0 |      20 |       0 |   0.0
        D:2 |      91 |       0 |   0.0 |      27 |       0 |   0.0
        D:3 |       8 |       0 |   0.0 |       3 |       0 |   0.0
            +---------+---------+-------+---------+---------+-------
